 Dungeon Sprint DCSS version 0.27-a0-203-gd48b2df3c9 (webtiles) character file.

Game seed: 14419094035348301219

333 mhtbhm the Martial Artist (level 6, -11/45 HPs)
             Began as an Octopode Transmuter on Jan 30, 2021.
             Was a Believer of Sif Muna.
             Mangled by a troll (14 damage)
             ... in the Dungeon (Sprint IX: "|||||||||||||||||||||||||||||").
             The game lasted 00:00:59 (176 turns).

mhtbhm the Martial Artist (Octopode Transmuter)      Turns: 176, Time: 00:01:00

Health: -11/45     AC:  6    Str: 11    XL:     6   Next: 52%
Magic:  9/14       EV: 12    Int: 22    God:    Sif Muna [**....]
Gold:   0          SH:  0    Dex: 12    Spells: 6/16 levels left

rFire    x . .     SeeInvis .     - Unarmed
rCold    + + +     Faith    .   (shield currently unavailable)
rNeg     . . .     Spirit   .   (helmet currently unavailable)
rPois    +         Reflect  .   (no amulet)
rElec    .         Harm     .   j - +3 ring of intelligence
rCorr    .         Rampage  .   k - +3 ring of intelligence
Will     .....     NoTele   +   (no ring)
Stlth    ++........             (no ring)
HPRegen  0.15/turn              (no ring)
MPRegen  0.14/turn              (no ring)
                                (no ring)
                                (no ring)

@: ice-form
A: large, almost no armour, stealthy swim, amphibious, 8 rings, (constrict 8)
a: End Transformation, Renounce Religion, Channel Magic


You were in the Dungeon.
You worshipped Sif Muna.
Sif Muna was pleased with you.
You were a creature of crystalline ice.
You visited 1 branch

Inventory:

Jewellery
 j - a +3 ring of intelligence (left front paw)
 k - a +3 ring of intelligence (right front paw)
Wands
 i - a wand of iceblast (10)
Scrolls
 f - 3 scrolls of remove curse
 g - 2 scrolls of blinking
 h - 2 scrolls of amnesia
Potions
 a - a potion of invisibility
 b - 5 potions of curing
 c - 3 potions of heal wounds
 d - a potion of haste
 e - 4 potions of magic


   Skills:
 + Level 1.1 Fighting
 + Level 5.0 Dodging
 + Level 3.8 Stealth
 + Level 9.9 Unarmed Combat
 + Level 5.5 Spellcasting
 + Level 5.4 Transmutations
 + Level 0.3 Ice Magic


You had 6 spell levels left.
You knew the following spells:

 Your Spells              Type           Power        Failure   Level
a - Beastly Appendage     Tmut           58%          1%          1
b - Wereblood             Tmut           29%          1%          2
c - Spider Form           Tmut/Pois      8%           10%         3
d - Ice Form              Ice/Tmut       18%          30%         4

Your spell library contained the following spells:

 Spells                   Type           Power        Failure   Level
 Blade Hands              Tmut           14%          28%         5


Dungeon Overview and Level Annotations

Branches:
Dungeon (1/1)

Altars:
Cheibriados
Dithmenos
Elyvilon
Fedhas
Gozag
Hepliaklqana
Kikubaaqudgha
Makhleb
Nemelex Xobeh
Okawaru
Qazlal
Ru
Sif Muna
Trog
Uskayaw
Vehumet
Wu Jian
Xom
Yredelemnul
Zin
The Shining One
Beogh
Jiyva
Lugonu


Innate Abilities, Weirdness & Mutations

You cannot wear most types of armour.
You are very stealthy in the water. (Stealth+)
You are amphibious.
You can wear up to eight rings at the same time.
((You can use your tentacles to constrict eight enemies at once.))
((Your skin changes colour to match your surroundings (Stealth+).))
((Your rubbery body absorbs attacks. (AC +1, EV +1)))


Message History

No target in view!
No target in view!
No target in view!
You howl as the wereblood boils in your veins!
You start resting.
You howl as the wereblood boils in your veins!
Your primal bloodlust is almost over.
You start resting.
You howl as the wereblood boils in your veins!
As you open the door, it creaks loudly!
A soldier ant, a centaur, an ogre, a troll, a cyclops and a shadow come into view.
The troll shouts!
The ogre shouts!
The centaur shouts!
The cyclops shouts!
You barely miss the troll.
Your primal bloodlust has ended.
The troll bites you! The troll barely misses you. The troll claws you!
You barely miss the troll. You barely miss the troll. The troll bites you!
* * * LOW HITPOINT WARNING * * *
The troll claws you!
You die...

▓.▓
▓.▓
▓'▓
▓)▓
▓.▓
▓.▓
▓.▓
▓.▓
▓Y▓
▓T▓
▓c▓
▓B▓
▓C▓
▓O▓
▓.▓
▓W▓


You could see a cyclops, a troll, a soldier ant, an ogre, a shadow and a
centaur.

Vanquished Creatures
  2 ogres (D)
  A centaur (D)
  A wight (D)
  An adder (D)
  3 white imps (D)
  2 leopard geckos (D)
  An orc (D)
  2 bats (D)
  2 kobolds (D)
  A rat (D)
16 creatures vanquished.

Notes
Turn   | Place    | Note
-------+----------+-------------------------------------------
     0 | D        | mhtbhm the Octopode Transmuter began the quest for the Orb.
     0 | D        | Reached XP level 1. HP: 13/13 MP: 3/3
     5 | D        | Banished a spatial maelstrom
    22 | D        | Noticed an ogre
    22 | D        | Noticed a centaur
    24 | D        | Killed an ogre
    25 | D        | Reached skill level 1 in Stealth
    25 | D        | Reached skill level 6 in Unarmed Combat
    25 | D        | Reached XP level 2. HP: 18/18 MP: 2/6
    25 | D        | Reached XP level 3. HP: 23/23 MP: 2/8
    25 | D        | Reached XP level 4. HP: 28/28 MP: 2/9
    30 | D        | Killed a centaur
    31 | D        | Reached skill level 8 in Unarmed Combat
    31 | D        | Reached XP level 5. HP: 33/33 MP: 2/11
    42 | D        | Learned a level 2 spell: Wereblood
    46 | D        | Learned a level 3 spell: Spider Form
    51 | D        | Learned a level 4 spell: Ice Form
    53 | D        | Found a roughly hewn altar of Beogh.
    53 | D        | Found a snail-covered altar of Cheibriados.
    53 | D        | Found a shadowy altar of Dithmenos.
    53 | D        | Found a white marble altar of Elyvilon.
    53 | D        | Found a blossoming altar of Fedhas.
    53 | D        | Found an opulent altar of Gozag.
    54 | D        | Found a hazy altar of Hepliaklqana.
    55 | D        | Found a viscous altar of Jiyva.
    56 | D        | Found an ancient bone altar of Kikubaaqudgha.
    57 | D        | Found a corrupted altar of Lugonu.
    58 | D        | Found a burning altar of Makhleb.
    59 | D        | Found a sparkling altar of Nemelex Xobeh.
    60 | D        | Found an iron altar of Okawaru.
    61 | D        | Found a stormy altar of Qazlal.
    62 | D        | Found a sacrificial altar of Ru.
    63 | D        | Found a shimmering blue altar of Sif Muna.
    64 | D        | Found a bloodstained altar of Trog.
    65 | D        | Found a hide-covered altar of Uskayaw.
    66 | D        | Found a radiant altar of Vehumet.
    67 | D        | Found an ornate altar of the Wu Jian Council.
    68 | D        | Found a shimmering altar of Xom.
    69 | D        | Found a basalt altar of Yredelemnul.
    70 | D        | Found a glowing silver altar of Zin.
    71 | D        | Found a glowing golden altar of the Shining One.
    75 | D        | Became a worshipper of Sif Muna the Loreminder
   142 | D        | Noticed an ogre
   145 | D        | Killed an ogre
   146 | D        | Reached skill level 9 in Unarmed Combat
   146 | D        | Reached skill level 5 in Spellcasting
   146 | D        | Reached skill level 5 in Transmutations
   146 | D        | Reached XP level 6. HP: 38/38 MP: 5/13
   151 | D        | Reached * piety under Sif Muna
   152 | D        | Reached skill level 5 in Dodging
   157 | D        | Reached ** piety under Sif Muna
   173 | D        | Noticed a troll
   173 | D        | Noticed a soldier ant
   173 | D        | Noticed a cyclops
   173 | D        | Noticed a shadow
   176 | D        | Mangled by a troll

Illustrated notes

Levels and vault maps discovered:
D:        linesprint [early_d, line_temple, items_1, d_10, items_2, lair_1,
          lair_end, items_3, orc_1, orc_end, items_4, d_15, swamp_1, shoals_1,
          snake_1, spider_1, d_20, vaults_1, items_5, swamp_end, shoals_end,
          snake_end, spider_end, vaults_end, d_27, items_6, zot_1, zot_end,
          crypt_end, forest_end, elf_end, slime_end, tomb_end, abyss_end,
          pan_hell_end]

Skill      XL: |  1  2  3  4  5  6 |
---------------+-------------------+-----
Dodging        | 3 4 5 |  5.0
Stealth        | 1 2 3 |  3.8
Unarmed Combat | 6 8 9 |  9.9
Spellcasting   | 3 4 5 |  5.5
Transmutations | 3 4 5 |  5.4
Fighting       | |  1.1
Ice Magic      | |  0.3

Action                   |  1- 3 |  4- 6 || total
-------------------------+-------+-------++-------
Melee: Unarmed           |     9 |    26 ||    35
       Kick              |     3 |     3 ||     6
       Tentacles         |     2 |       ||     2
       Constrict         |     1 |     1 ||     2
 Cast: Beastly Appendage |     2 |       ||     2
       Ice Form          |       |     1 ||     1
       Wereblood         |       |     1 ||     1
  Use: Potion            |     1 |       ||     1
 Stab: Sleeping          |     1 |       ||     1
Armor: Skin              |       |     3 ||     3
Dodge: Dodged            |     7 |    12 ||    19

Table legend: (Time is in decaauts)
 A = Elapsed time spent in this place.
 B = Non-inter-level travel time spent in this place.
 C = Inter-level travel time spent in this place.
 D = Time resting spent in this place.
 E = Time spent auto-exploring this place.
 F = Levels seen in this place.
 G = Mean time per level.
                   A        B        C        D        E       F      G
               +--------+--------+--------+--------+--------+-----+--------+
         Total |    176 |    176 |      0 |     12 |     30 |   1 |  176.0 |
       Dungeon |    176 |    176 |      0 |     12 |     30 |   1 |  176.0 |
               +--------+--------+--------+--------+--------+-----+--------+

Top non-repeatable levels by time:
       D: 176 daAuts
